Map: Coda EC

Players

Elyona - Winner!

  • Race: Protoss Protoss

AgCl

  • Race: Protoss Protoss

VOD

Have the link to the VOD?

Description

Time

  • Played on: May 5, 2015, 7:19 a.m.
  • Length: 4:57
Show
View Real Time Build Order
Export as new Build Order

Elyona Protoss - Winner!

Build Orders: Oracle Opening, Oracle Opening 

Get SALT Encoding   

  12  0:01  Probe  
  13  0:15  Pylon  
  13  0:20  Probe  
  14  0:33  Probe (Chrono Boost)  
  14  0:35  Gateway  
  15  0:45  Probe (Chrono Boost), Assimilator  
  16  0:52  Probe (Chrono Boost)  
  16  0:55  Assimilator  
  17  1:02  Probe (Chrono Boost)  
  18  1:10  Pylon  
  18  1:13  Probe (Chrono Boost)  
  19  1:19  Probe  
  20  1:25  Cybernetics Core  
  20  1:31  Probe (Chrono Boost)  
  21  1:43  Probe (Chrono Boost)  
  22  1:50  Probe (Chrono Boost)  
  23  2:02  Mothership Core (Chrono Boost), Warp Gate  
  23  2:03  Adept  
  27  2:15  Stargate  
  28  2:23  Probe (Chrono Boost)  
  28  2:38  Gateway x2  
  28  2:41  Pylon  
  27  2:45  Probe  
  27  2:50  Adept  
  30  3:05  Void Ray (Chrono Boost)  
  34  3:40  Nexus  
  34  3:43  Oracle (Chrono Boost)  
  36  4:12  Robotics Facility  
  36  4:29  Stalker, Pylon  
Show
View Real Time Build Order
Export as new Build Order

AgCl Protoss 

Build Orders: Dark Templar Rush 

Get SALT Encoding   

  12  0:12  Pylon  
  12  0:13  Probe  
  13  0:25  Probe  
  14  0:32  Gateway  
  14  0:39  Assimilator  
  14  0:41  Probe (Chrono Boost)  
  15  0:52  Probe (Chrono Boost)  
  16  0:58  Probe (Chrono Boost)  
  16  1:03  Pylon  
  18  1:13  Probe  
  18  1:21  Cybernetics Core  
  18  1:22  Zealot (Chrono Boost)  
  21  1:25  Probe  
  21  1:37  Probe  
  22  1:49  Probe  
  23  1:58  Warp Gate (Chrono Boost)  
  23  2:02  Twilight Council  
  23  2:03  Probe  
  23  2:06  Gateway  
  24  2:15  Probe  
  25  2:23  Gateway  
  25  2:28  Probe  
  26  2:40  Probe  
  25  2:48  Assimilator  
  25  2:52  Probe  
  26  2:59  Gateway  
  26  3:06  Mothership Core (Chrono Boost)  
  28  3:26  Dark Shrine  
  28  3:28  Probe  
  28  3:56  Adept  
  28  4:01  Nexus  
  30  4:03  Pylon  
  30  4:19  Pylon  
  30  4:50  Pylon x2  
  28  4:53  Robotics Facility  
  28  4:54  Pylon  
  28  4:55  Pylon  
Tags
 
Add a new tag
Caveats
  • Supply blocks, unpowered buildings, or Contaminate may cause inaccurate times.
  • Supply counts are checked every 10 seconds.